 Dungeon Crawl Stone Soup version 0.31-a0-675-g238779eb0a (webtiles) character file.

Game seed: 4483236861429960220

13040 javelincjr the Fighter (level 11, -3/89 HPs)
             Began as a Demonspawn Fighter on Sept 5, 2023.
             Was an Elder of Makhleb.
             Collided with a rock wall (10 damage)
             ... caused by a rakshasa
             ... on level 11 of the Dungeon.
             The game lasted 00:49:50 (9457 turns).

javelincjr the Fighter (Demonspawn Fighter)         Turns: 9457, Time: 00:49:51

Health: -3/89      AC:  9    Str: 21    XL:     11   Next: 70%
Magic:  16/16      EV: 12    Int: 16    God:    Makhleb [****..]
Gold:   644        SH: 18    Dex: 12    Spells: 10/10 levels left

rFire   . . .        a - +2 war axe
rCold   . . .        I - +0 kite shield
rNeg    . . .        N - +0 troll leather armour
rPois   .            (helmet restricted)
rElec   .            A - +0 cloak
rCorr   .            k - +0 pair of gloves
SInv    .            H - +1 pair of boots
Will    .....        B - amulet of regeneration
Stlth   +            t - +6 ring of intelligence
HPRegen 1.94/turn    (no ring)
MPRegen 0.15/turn

%: no passive effects
@: no status effects
A: antennae 1, large bone plates 1, powered by death 1, condensation shield
a: Renounce Religion, Minor Destruction, Lesser Servant of Makhleb, Major
Destruction


You were on level 11 of the Dungeon.
You worshipped Makhleb.
Makhleb was greatly pleased with you.
You visited 3 branches of the dungeon, and saw 13 of its levels.
You also visited: Sewer and Ossuary.

You collected 732 gold pieces.
You spent 88 gold pieces at shops.

Inventory:

Hand Weapons
 a - a +2 war axe (weapon)
 b - a +3 spear
 g - a +2 spear of flaming
 o - a +2 whip of venom
Missiles
 l - 27 boomerangs
 x - 20 poisoned darts (quivered)
Armour
 k - a +0 pair of gloves (worn)
 p - the +3 ring mail "Yvixigh" {*Corrode rF+ Slay+3}
   (You found it on level 2 of the Dungeon)

   Slay+3:    It affects your accuracy & damage with ranged weapons and melee
   (+3).
   rF+:       It protects you from fire.
   *Corrode:  It may corrode you when you take damage.
 A - a +0 cloak (worn)
 D - a +0 plate armour
 H - a +1 pair of boots (worn)
 I - a +0 kite shield (worn)
 K - a +1 scale mail of cold resistance
 N - a +0 troll leather armour (worn)
Jewellery
 r - an amulet of magic regeneration
 t - a +6 ring of intelligence (left hand)
 B - an amulet of regeneration (around neck)
Wands
 h - a wand of paralysis (7)
 F - a wand of acid (8)
 J - a wand of flame (12)
Scrolls
 c - a scroll of identify
 e - 3 scrolls of noise
 f - a scroll of vulnerability
 i - 4 scrolls of blinking
 j - 3 scrolls of amnesia
 m - 2 scrolls of fear
 n - 3 scrolls of revelation
 E - 3 scrolls of fog
Potions
 d - 3 potions of might
 q - 4 potions of enlightenment
 s - a potion of cancellation
 u - a potion of lignification
 v - 4 potions of invisibility
 w - 2 potions of mutation
 z - 3 potions of attraction
 C - 2 potions of curing
 G - 2 potions of brilliance
 M - a potion of berserk rage {unknown}


   Skills:
 + Level 9.2 Fighting
 + Level 8.1 Axes
 + Level 8.5 Armour
 + Level 5.2 Dodging
 + Level 8.3 Shields
 + Level 7.3 Invocations


You had 10 spell levels left.
You didn't know any spells.
Your spell library contained the following spells:

 Spells                   Type           Power      Damage    Failure   Level
 Apportation              Tloc           0%         N/A       50%         1
 Foxfire                  Conj/Fire      0%         2x1d4     50%         1
 Necrotise                Necr           0%         1d4       50%         1
 Summon Small Mammal      Summ           0%         N/A       50%         1
 Alistair's Intoxication  Tmut/Pois      0%         N/A       100%        5
 Borgnjor's Vile Clutch   Necr/Erth      0%         N/A       100%        5
 Summon Forest            Summ/Tloc      0%         N/A       100%        5
 Summon Mana Viper        Hex/Summ       0%         N/A       100%        5
 Eringya's Noxious Bog    Tmut/Pois      0%         4d6       100%        6
 Plasma Beam              Fire/Air       0%         2x1d10    100%        6
 Starburst                Conj/Fire      0%         6d3       100%        6
 Summon Cactus Giant      Summ           0%         N/A       100%        6


Dungeon Overview and Level Annotations

Branches:
Dungeon (11/15)            Temple (1/1) D:5            Lair (1/5) D:10
    Orc (0/2) D:10          Sewer (visited)         Ossuary (visited)

Altars:
Ashenzari
Cheibriados
Dithmenos
Fedhas
Gozag
Hepliaklqana
Kikubaaqudgha
Makhleb
Nemelex Xobeh
Okawaru
Qazlal
Ru
Sif Muna
Trog
Uskayaw
Vehumet
Wu Jian
Xom
Yredelemnul

Shops:
D:3 (   D:4 !   D:5 *   D:6 ?=   D:9 [   D:10 (

Annotations:
D:3 1 runed translucent door
D:9 exclusion: orange crystal statue


Innate Abilities, Weirdness & Mutations

You have a pair of small antennae on your head.
You are partially covered in large bone plates. (SH +4)
You regenerate a little health from kills.
A meltable shield of frost defends you. (SH +4)


Message History

You are knocked back by the lance of force.
You slam into the rock wall!
* * * LOW HITPOINT WARNING * * *
Aiming: Minor Destruction (0% risk of failure)
Press: ? - help, Shift-Dir - straight line, f/p - rakshasa
Aim: a rakshasa, wielding a +0 long sword and wearing a +0 robe (heavily wounded)
The zap hits the rakshasa but does no damage.
The rakshasa is heavily wounded.
Aiming: Minor Destruction (0% risk of failure)
Press: ? - help, Shift-Dir - straight line, f/p - rakshasa
Aim: a rakshasa, wielding a +0 long sword and wearing a +0 robe (heavily wounded)
The rakshasa is unaffected.
You closely miss the rakshasa.
The rakshasa is heavily wounded.
You block the rakshasa's attack.
You hit the rakshasa.
The rakshasa is heavily wounded.
You block the rakshasa's attack.
You barely miss the rakshasa.
The rakshasa is heavily wounded.
You block the rakshasa's attack.
You miss the rakshasa.
The rakshasa is heavily wounded.
The rakshasa hits you with a +0 long sword!
* * * LOW HITPOINT WARNING * * *
The rakshasa closely misses you.
You hit the rakshasa but do no damage.
The rakshasa is heavily wounded.
You block the rakshasa's attack.
You miss the rakshasa.
The rakshasa is heavily wounded.
You block the rakshasa's attack.
You hit the rakshasa.
The rakshasa is heavily wounded.
The rakshasa gestures at you. The lance of force hits you!
* * * LOW HITPOINT WARNING * * *
You are knocked back by the lance of force.
You slam into the rock wall!
You die...

#.............c..)#...###..#..##
#Rc# .........###.##..##..###..#
#u#.####...####{#.##.....## ##.#
#.##.T ##### ##........#####..
#..# c.. #................ #..#{
#.. #........####..## #..## #
##.............## ##..#
#..........##### #..#{
#@R...........#### ##..#
#........#.......> #..##
##.......####..... ##..#
#....#### ####.. ....# { #....#
### #..##{ ##### {##..## ##.#
####...#### #.##
#.###.........###.#
#.................#


You could see a rakshasa.

Vanquished Creatures
  An ogre mage (D:11)
  5 two-headed ogres
  A boulder beetle (D:11)
  An ugly thing (D:11)
  An unseen horror (D:11)
  4 trolls
  A hornet (D:9)
  2 wraiths
  2 shadows
  A wyvern (D:9)
  12 yaks
  5 vampire mosquitoes
  A steam dragon (D:8)
  An acid dragon (D:11)
  3 orc warriors
  2 sky beasts
  A black bear (D:7)
  2 ice beasts (D:6)
  The ghost of perezv8180 the Conjurer, an amateur DrCj (D:3)
  2 ogres
  5 centaurs
  2 kobold brigands
  4 bullfrogs
  A gnoll sergeant (D:9)
  5 wights (D:6)
  5 howler monkeys
  A centaur zombie (Ossuary)
  A jelly (D:5)
  6 hounds
  8 orc priests
  4 iguanas
  2 sleepcaps (D:6)
  Jessica (D:3)
  14 orc wizards
  2 mummies (Ossuary)
  Robin (D:3)
  4 gnolls (D:9)
  18 adders
  3 river rats (Sewer)
  A shadow imp (D:5)
  A white imp (D:7)
  3 worms (D:3)
  3 dart slugs
  45 orcs
  9 endoplasms
  8 giant cockroaches
  2 gnoll zombies (Ossuary)
  16 goblins
  9 hobgoblins
  3 jackals
  12 quokkas
  9 ball pythons
  12 bats
  6 frilled lizards
  5 goblin zombies (Ossuary)
  3 hobgoblin zombies (Ossuary)
  14 kobolds
  3 orc zombies (Ossuary)
  4 rats
304 creatures vanquished.

Vanquished Creatures (collateral kills)
  A vampire (D:10)
  2 wargs (D:10)
  An orc warrior (D:10)
  An orc priest (D:10)
5 creatures vanquished.

Grand Total: 309 creatures vanquished

Notes
Turn   | Place    | Note
-------+----------+-------------------------------------------
     0 | D:1      | javelincjr the Demonspawn Fighter began the quest for the
                  | Orb.
     0 | D:1      | Reached XP level 1. HP: 18/18 MP: 1/1
   190 | D:1      | Gained mutation: You regenerate a little health from kills.
                  | [demonic ancestry]
   190 | D:1      | Reached XP level 2. HP: 24/24 MP: 2/2
   784 | D:2      | Gained mutation: A meltable shield of frost defends you.
                  | (SH +4) [demonic ancestry]
   784 | D:2      | Reached XP level 3. HP: 29/29 MP: 3/3
   971 | D:2      | Gained mutation: You have a pair of small antennae on your
                  | head. [demonic ancestry]
   971 | D:2      | Reached XP level 4. HP: 30/35 MP: 4/4
  1065 | D:2      | Identified the +3 ring mail "Yvixigh" {*Corrode rF+ Slay+3}
  1464 | D:3      | Found a glowing drain.
  1479 | Sewer    | Entered a sewer
  1674 | Sewer    | Reached XP level 5. HP: 42/42 MP: 5/5
  1885 | Sewer    | Reached skill level 4 in Fighting
  2362 | D:3      | Noticed Jessica
  2367 | D:3      | Killed Jessica
  2378 | D:3      | Noticed Robin
  2422 | D:3      | Reached XP level 6. HP: 42/48 MP: 6/6
  2424 | D:3      | Killed Robin
  2482 | D:3      | Found Bisaf Ygo's Weapon Shoppe.
  2559 | D:3      | Found a runed translucent door.
  2560 | D:3      | Noticed perezv8180's ghost (amateur DrCj)
  2590 | D:3      | Found a runed translucent door.
  2621 | D:3      | Killed perezv8180's ghost
  2861 | D:4      | Gained mutation: You are partially covered in large bone
                  | plates. (SH +4) [demonic ancestry]
  2861 | D:4      | Reached XP level 7. HP: 55/55 MP: 7/7
  2899 | D:4      | Found a snail-covered altar of Cheibriados.
  3093 | D:4      | Found Weyn's Distillery.
  3117 | D:4      | Bought a potion of heal wounds for 55 gold pieces
  3117 | D:4      | Bought a potion of curing for 33 gold pieces
  3271 | D:5      | Entered Level 5 of the Dungeon
  3286 | D:5      | Reached skill level 5 in Fighting
  3600 | D:5      | Found Nitz's Neck Hole.
  3686 | D:5      | Found a staircase to the Ecumenical Temple.
  3789 | Temple   | Entered the Ecumenical Temple
  3800 | Temple   | Became a worshipper of Makhleb the Destroyer
  4380 | D:6      | Found Boburack's Magic Scroll Boutique.
  4458 | D:6      | Reached skill level 5 in Shields
  4518 | D:6      | Reached skill level 5 in Armour
  4518 | D:6      | Reached XP level 8. HP: 63/63 MP: 8/8
  4567 | D:6      | Found Uneof's Jewellery Shoppe.
  4597 | D:6      | Reached skill level 5 in Axes
  4599 | D:6      | Reached skill level 6 in Fighting
  5172 | D:7      | Reached * piety under Makhleb
  5311 | D:7      | Reached XP level 9. HP: 61/71 MP: 9/9
  5338 | D:7      | Found a sand-covered staircase.
  5343 | Ossuary  | Entered an ossuary
  6086 | D:8      | Reached ** piety under Makhleb
  6765 | D:9      | Noticed an orange crystal statue
  6841 | D:9      | Paralysed by a hornet for 3 turns
  6846 | D:9      | Reached skill level 7 in Fighting
  6846 | D:9      | Reached skill level 1 in Invocations
  6909 | D:9      | Noticed a two-headed ogre
  6918 | D:9      | Killed a two-headed ogre
  6919 | D:9      | Reached skill level 1 in Dodging
  7072 | D:9      | Found Oklaidus's Antique Armour Shoppe.
  7142 | D:9      | Reached XP level 10. HP: 79/79 MP: 12/12
  7530 | D:9      | Noticed a deep elf pyromancer
  7776 | D:10     | Entered Level 10 of the Dungeon
  7818 | D:10     | HP: 4/80 [something (16)]
  7831 | D:10     | Found Jujyps's Antique Weapon Shoppe.
  7846 | D:10     | Noticed a two-headed ogre
  7859 | D:10     | Killed a two-headed ogre
  7860 | D:10     | Reached skill level 8 in Fighting
  7883 | D:10     | Reached *** piety under Makhleb
  7884 | D:10     | Reached skill level 5 in Invocations
  8066 | D:10     | Found a staircase to the Lair.
  8290 | Lair:1   | Entered Level 1 of the Lair of Beasts
  8291 | Lair:1   | Noticed a cane toad
  8292 | Lair:1   | Noticed a cane toad
  8350 | D:10     | Found a staircase to the Orcish Mines.
  8498 | D:11     | Noticed a two-headed ogre
  8503 | D:11     | Noticed a two-headed ogre
  8664 | D:10     | Reached XP level 11. HP: 71/87 MP: 15/15
  8715 | D:10     | Killed a two-headed ogre
  9033 | D:11     | Noticed a two-headed ogre
  9041 | D:11     | Killed a two-headed ogre
  9049 | D:11     | Killed a two-headed ogre
  9191 | D:11     | Reached skill level 9 in Fighting
  9342 | D:11     | Noticed a boulder beetle
  9354 | D:11     | Reached **** piety under Makhleb
  9371 | D:11     | Noticed an ogre mage
  9372 | D:11     | Noticed a rakshasa
  9380 | D:11     | Killed a boulder beetle
  9381 | D:11     | Reached skill level 5 in Dodging
  9381 | D:11     | Paralysed by something for 5 turns
  9386 | D:11     | Noticed a cyan ugly thing
  9388 | D:11     | Killed an ogre mage
  9432 | D:11     | Killed a cyan ugly thing
  9457 | D:11     | Collided with a rock wall

Illustrated notes

Levels and vault maps discovered:
D:1:      giann_bridges, layout_basic
D:2:      minmay_skewed_foursquare, layout_loops_cross, serial_rivers,
          chequers_serial_rivers_micro_a, chequers_serial_rivers_micro_c,
          chequers_serial_rivers_micro_a, chequers_serial_rivers_large_b,
          chequers_serial_rivers_small_a, chequers_serial_rivers_micro_c,
          chequers_serial_rivers_micro_b
D:3:      layout_rooms, ebering_ghost_sewer_f, serial_shops,
          nicolae_shop_bloodbath_and_beyond, gup_sewer_entry_pipe, uniq_jessica,
          uniq_robin
D:4:      layout_basic, mainiacjoe_overflow_alcove_2, serial_shops, shop
D:5:      layout_cave_pods, minmay_temple_entry_fiery,
          nicolae_shop_sticking_my_neck_out
D:6:      layout_basic, serial_shops, nicolae_shop_stone, shop
D:7:      layout_basic, enter_ossuary_2
D:8:      layout_loops_corners
D:9:      layout_roguey, serial_shops, kennysheep_mini, minmay_crystal_room,
          minivault_16
D:10:     layout_rooms, erik_lair_orcish_takeover,
          minmay_orc_entry_temple_small, serial_shops, shop
D:11:     layout_rooms, minmay_pinched_square
Temple:   nicolae_temple_the_god_donut
Lair:1:   layout_misc_corridors

Skill      XL: |  1  2  3  4  5  6  7  8  9 10 11 |
---------------+----------------------------------+-----
Axes           | 2 3 4 5 6 7 8 |  8.1
Armour         | 3 4 5 6 7 8 |  8.5
Shields        | 3 4 5 6 7 8 |  8.3
Fighting       | 4 5 6 7 8 9 |  9.2
Invocations    | 3 5 7 |  7.3
Dodging        | 2 4 5 |  5.2

Action                     |  1- 3 |  4- 6 |  7- 9 | 10-12 || total
---------------------------+-------+-------+-------+-------++-------
  Melee: War axe           |    49 |    46 |   337 |   389 ||   821
         Whip              |    39 |   200 |       |       ||   239
  Throw: Dart              |       |       |       |     5 ||     5
 Invoke: Minor Destruction |       |       |     5 |     7 ||    12
         Lesser Servant of |       |       |       |     4 ||     4
         Major Destruction |       |       |       |     1 ||     1
    Use: Scroll            |       |     4 |    12 |     5 ||    21
         Potion            |       |       |       |     5 ||     5
 Armour: Scale mail        |    62 |       |       |       ||    62
         Ring mail         |       |   167 |   206 |   178 ||   551
         Troll leather arm |       |       |       |   185 ||   185
  Dodge: Dodged            |    34 |   127 |   114 |   186 ||   461
  Block: Buckler           |    21 |   139 |   177 |       ||   337
         Kite shield       |       |       |    29 |   454 ||   483

Table legend: (Time is in decaauts)
 A = Elapsed time spent in this place.
 B = Non-inter-level travel time spent in this place.
 C = Inter-level travel time spent in this place.
 D = Time resting spent in this place.
 E = Time spent auto-exploring this place.
 F = Levels seen in this place.
 G = Mean time per level.
                   A        B        C        D        E       F      G
               +--------+--------+--------+--------+--------+-----+--------+
         Total |   9902 |   9417 |    485 |    247 |   6389 |  15 |  660.1 |
       Dungeon |   8871 |   8403 |    468 |    247 |   5724 |  11 |  806.5 |
        Temple |     25 |      8 |     17 |      0 |      0 |   1 |   25.0 |
          Lair |      2 |      2 |      0 |      0 |      0 |   1 |    2.0 |
         Sewer |    849 |    849 |      0 |      0 |    593 |   1 |  849.0 |
       Ossuary |    152 |    152 |      0 |      0 |     72 |   1 |  152.0 |
               +--------+--------+--------+--------+--------+-----+--------+

Top non-repeatable levels by time:
     D:5: 1067 daAuts
     D:9: 1062 daAuts
    D:10: 1039 daAuts
     D:8: 978 daAuts
   Sewer: 849 daAuts
     D:2: 768 daAuts
     D:6: 695 daAuts
     D:1: 693 daAuts
     D:7: 684 daAuts
    D:11: 674 daAuts
     D:3: 616 daAuts
     D:4: 590 daAuts
 Ossuary: 152 daAuts
  Temple: 25 daAuts
  Lair:1: 2 daAuts
